 Dungeon Crawl Stone Soup version 0.28-a0-695-gff097466f2 (webtiles) character file.

Game seed: 10505340907623216071

324 Colgate the Magician (level 6, -5/40 HPs)
             Began as a Djinni Venom Mage on Oct 22, 2021.
             Was a Priest of Nemelex Xobeh.
             Slain by Pikel (9 damage)
             ... on level 5 of the Dungeon.
             The game lasted 00:26:53 (5828 turns).

Colgate the Magician (Djinni Venom Mage)            Turns: 5828, Time: 00:26:54

Health: -5/40      AC:  3    Str:  9    XL:     6   Next: 78%
Gold:   73         EV: 12    Int: 17    God:    Nemelex Xobeh [***...] SH:  0 Dex: 13

rFire   + + .      SeeInvis .   (no weapon)
rCold   x . .      Faith    .   (no shield)
rNeg    . . .      Spirit   .   o - +1 robe
rPois   ∞          Reflect  .   (helmet restricted)
rElec   .          Harm     .   f - scarf {+Inv}
rCorr   .          Rampage  .   (no gloves)
Will    +....      Rnd*Tele +   (boots unavailable)
Stlth   ++........              k - amulet of regeneration
HPRegen 1.13/turn               (no ring)
MPRegen 0.00/turn               (no ring)

@: flying
A: sickness immunity, fire resistance 2, cold vulnerability 1, float, innate
caster, hp casting, extra vitality 1, antennae 1, strong-willed 1, teleportitis
1
a: Renounce Religion, Evoke Invisibility, Draw Escape, Draw Destruction, Draw
Summoning, Triple Draw


You were on level 5 of the Dungeon.
You worshipped Nemelex Xobeh.
Nemelex Xobeh was most pleased with you.
You visited 1 branch of the dungeon, and saw 5 of its levels.

You collected 173 gold pieces.
You spent 100 gold pieces at shops.

Inventory:

Hand Weapons
 a - a +0 hunting sling
Missiles
 c - 48 sling bullets
 g - a throwing net
 i - 90 stones
 l - 3 boomerangs
 q - 43 arrows
 r - 34 bolts
 C - 26 poisoned darts
 D - 2 javelins
Armour
 e - a +0 ring mail
 f - a scarf of invisibility (worn)
 o - a +1 robe (worn)
 w - a +0 scale mail
 y - a +0 leather armour
Magical Staves
 n - a staff of cold
Jewellery
 k - an amulet of regeneration (around neck)
 v - an amulet of the acrobat
Scrolls
 z - 2 scrolls of blinking
Potions
 d - 2 potions of curing
 t - a potion of brilliance
 u - a potion of attraction
 A - a potion of berserk rage
 B - a potion of cancellation {unknown}
 E - 2 potions of lignification


   Skills:
 - Level 2.1 Dodging
 - Level 1.5 Stealth
 + Level 5.4 Spellcasting


You had 2 spell levels left.
You knew the following spells:

 Your Spells              Type           Power      Damage    Failure   Level
a - Sting                 Tmut/Pois      92%        1d7       1%          1
b - Poisonous Vapours     Pois/Air       46%        N/A       2%          2
c - Mephitic Cloud        Conj/Pois/Air  23%        N/A       4%          3
d - Olgreb's Toxic Radia  Pois           23%        N/A       14%         4
e - Freeze                Ice            92%        1d10      1%          1
f - Corpse Rot            Necr/Air       46%        N/A       2%          2
Your spell library was empty.

Dungeon Overview and Level Annotations

Branches:
Dungeon (5/15)             Temple (0/1) D:4

Altars:
Makhleb
Nemelex Xobeh
Qazlal

Shops:
D:3 !

Portals:
Sewer: D:5

Annotations:
D:5 exclusion: necrophage, Pikel


Innate Abilities, Weirdness & Mutations

You are immune to sickness and miasma.
You are immune to poison.
Your flesh is very heat resistant. (rF++)
You are vulnerable to cold. (rC-)
You float through the air rather than walking.
You learn spells naturally, not from books.
Your magical power is your life essence.
You have superior vitality. (+4 HP)
You have a pair of small antennae on your head.
You are strong-willed. (Will+)
You are occasionally teleported next to monsters.


Message History

Confirm with . or Enter, or press ? or * to list all spells.
The spell is quite dangerous to cast (16% risk of failure)!
Continue anyway?
You begin to radiate toxic energy.
The lemure looks as sick as possible! x2
Pikel looks as sick as possible!
The lemure looks as sick as possible!
The lemure looks even sicker.
Ijyb looks even sicker.
You kill the lemure!
That felt strangely unrewarding.
Unknown command.
You draw a card...
You have drawn the Cloud.
Clouds appear around you!
The lemure looks even sicker.
Ijyb looks even sicker.
Your toxic aura wanes.
You kill the lemure!
That felt strangely unrewarding.
You draw a card...
You have drawn Wild Magic.
Ijyb lurches violently.
Rocks fall onto Pikel out of nowhere.
The lemure shivers!
You kill the lemure!
That felt strangely unrewarding.
You feel a surge of magic.
Pikel hits you with a +0 whip of freezing!
Pikel freezes you. Ijyb hits you with a +0 club!
* * * LOW HITPOINT WARNING * * *
You draw a card...
You have drawn the Dance.
Pikel hits you with a +0 whip of freezing!
* * * LOW HITPOINT WARNING * * *
Pikel freezes you.
* * * LOW HITPOINT WARNING * * *
Ijyb completely misses you.
Unknown command.
You swap places.
You kill Ijyb!
You draw a card...
You have drawn the Orb.
Press: ? - help, Shift-Dir - straight line, f - Pikel
Aim: Pikel, wielding a +0 whip of freezing, wearing a +0 robe and carrying a wand of flame (7) (almost dead, very poisoned, ally target)
The wavering orb of destruction weakly hits your -2 quarterstaff "Yranaz" {spect, rF+ Str+2}!!
You blow up your -2 quarterstaff "Yranaz" {spect, rF+ Str+2}!
Your -2 quarterstaff "Yranaz" {spect, rF+ Str+2} disappears in a puff of smoke!
Your orb of destruction hits a rock wall. x2
Pikel hits you with a +0 whip of freezing!
You die...
Your body glows slightly and disappears.

#############
#..@§*......#
#§§K*§......# #
#.)§§.......# )##
#....§≈≈....####..#
#...≈†≈≈†.........#
#...≈†∩≈≈..###....##
#...≈≈≈≈≈...#.......
##...≈≈†............
#...........#.##...


You could see Pikel (very poisoned, ally target).

Vanquished Creatures
  4 lemures (D:5)
  2 orc priests
  An iguana (D:4)
  Ijyb (D:5)
  A hound skeleton (D:4)
  4 gnolls (D:3)
  4 adders
  2 river rats (D:5)
  An adder skeleton (D:4)
  2 worms
  2 dart slugs
  6 orcs
  8 ball pythons
  6 bats
  6 endoplasms
  6 giant cockroaches
  9 goblins
  7 hobgoblins
  4 jackals
  9 kobolds
  3 quokkas
  3 frilled lizards (D:1)
  9 rats
100 creatures vanquished.

Vanquished Creatures (others)
  A plant (D:5)
1 creature vanquished.

Grand Total: 101 creatures vanquished

Notes
Turn   | Place    | Note
-------+----------+-------------------------------------------
     0 | D:1      | Colgate the Djinni Venom Mage began the quest for the Orb.
     0 | D:1      | Reached XP level 1. HP: 15/15 MP: 0/0
   415 | D:1      | Reached XP level 2. HP: 17/21 MP: 0/0
  1152 | D:1      | Found a faded altar of an unknown god.
  1168 | D:1      | Prayed at the altar of an unknown god.
  1168 | D:1      | Became a worshipper of Nemelex Xobeh the Trickster
  1168 | D:1      | Reached * piety under Nemelex Xobeh
  1271 | D:1      | Reached skill level 3 in Spellcasting
  1785 | D:1      | Reached XP level 3. HP: 13/25 MP: 0/0
  1785 | D:1      | Learned a level 1 spell: Freeze
  3166 | D:2      | Reached XP level 4. HP: 29/31 MP: 0/0
  3220 | D:2      | Received a gift from Nemelex Xobeh
  3892 | D:3      | Reached ** piety under Nemelex Xobeh
  3900 | D:3      | Gained mutation: You are occasionally teleported next to
                  | monsters. [potion of mutation]
  3900 | D:3      | Gained mutation: You are strong-willed. (Will+) [potion of
                  | mutation]
  3900 | D:3      | Gained mutation: You have a pair of small antennae on your
                  | head. [potion of mutation]
  3907 | D:3      | Reached skill level 4 in Spellcasting
  4009 | D:3      | Reached XP level 5. HP: 27/35 MP: 0/0
  4009 | D:3      | Learned a level 2 spell: Corpse Rot
  4042 | D:3      | Received a gift from Nemelex Xobeh
  4098 | D:3      | Found a burning altar of Makhleb.
  4474 | D:3      | Found Ruis's Distillery.
  4484 | D:3      | Bought a potion of heal wounds for 50 gold pieces
  4484 | D:3      | Bought a potion of berserk rage for 50 gold pieces
  4888 | D:4      | Found a stormy altar of Qazlal.
  4900 | D:4      | Reached XP level 6. HP: 38/40 MP: 0/0
  4970 | D:4      | Found a staircase to the Ecumenical Temple.
  5058 | D:4      | Reached skill level 5 in Spellcasting
  5219 | D:4      | Reached *** piety under Nemelex Xobeh
  5770 | D:5      | Entered Level 5 of the Dungeon
  5770 | D:5      | Noticed a necrophage
  5806 | D:5      | Identified a scroll of acquirement
  5806 | D:5      | Acquired a +2 demon trident of venom
  5807 | D:5      | Noticed Pikel
  5808 | D:5      | Found a glowing drain.
  5810 | D:5      | Noticed Ijyb
  5818 | D:5      | HP: 2/40 [river rat (7)]
  5826 | D:5      | Identified the -2 quarterstaff "Yranaz" {spect, rF+ Str+2}
  5826 | D:5      | HP: 2/40 [Pikel (4)]
  5827 | D:5      | Killed Ijyb
  5828 | D:5      | Slain by Pikel

Illustrated notes

Levels and vault maps discovered:
D:1:      grunt_arrival_crossed_arrows, layout_loops_corners,
          shapermc_ecumenical_altar_acropolis
D:2:      layout_rooms, kennysheep_generic_room_7
D:3:      layout_basic, bloody_makhleb, serial_shops, shop
D:4:      layout_loops_corners, lemuel_doored_altar, temple_pool_b
D:5:      layout_cave_pools, portal_sewer_entry_a, serial_bayou_lagoon_b,
          uniq_sigmund, uniq_pikel, uniq_ijyb

Skill      XL: |  1  2  3  4  5  6 |
---------------+-------------------+-----
Spellcasting   | 3 4 5 |  5.4
Dodging        | |  2.1
Stealth        | |  1.5

Action                   |  1- 3 |  4- 6 || total
-------------------------+-------+-------++-------
Melee: Unarmed           |     1 |       ||     1
       Dagger            |     6 |       ||     6
       Short sword       |     1 |     5 ||     6
       Mace              |       |     5 ||     5
       Halberd           |       |    28 ||    28
       Glaive            |       |    25 ||    25
 Fire: Hunting sling     |       |     4 ||     4
 Cast: Sting             |    22 |     1 ||    23
       Poisonous Vapours |    70 |   126 ||   196
       Freeze            |     4 |     5 ||     9
       Olgreb's Toxic Ra |       |     7 ||     7
Invok: Draw Destruction  |       |     2 ||     2
       Draw Escape       |       |     1 ||     1
       Draw Summoning    |       |     1 ||     1
  Use: Scroll            |       |    13 ||    13
       Potion            |       |     2 ||     2
 Stab: Sleeping          |     1 |     2 ||     3
Armor: Robe              |     7 |    19 ||    26
Dodge: Dodged            |    16 |    59 ||    75

Table legend: (Time is in decaauts)
 A = Elapsed time spent in this place.
 B = Non-inter-level travel time spent in this place.
 C = Inter-level travel time spent in this place.
 D = Time resting spent in this place.
 E = Time spent auto-exploring this place.
 F = Levels seen in this place.
 G = Mean time per level.
                   A        B        C        D        E       F      G
               +--------+--------+--------+--------+--------+-----+--------+
         Total |   5853 |   5639 |    214 |    100 |   4389 |   5 | 1170.6 |
       Dungeon |   5853 |   5639 |    214 |    100 |   4389 |   5 | 1170.6 |
               +--------+--------+--------+--------+--------+-----+--------+

Top non-repeatable levels by time:
     D:1: 3094 daAuts
     D:3: 977 daAuts
     D:4: 955 daAuts
     D:2: 794 daAuts
     D:5: 32 daAuts
